cohdb
Replays
Latest Replays
All Replays
Popular Replays
Top Player Replays
Match Explorer
How It Works
Community
CoH3 Stats
Reddit
Sign in to upload your games and track your stats! →
Sign in with Steam
Match 41070371
Unlisted
Match 41070371
Overview
Messages
Build Orders
End
Scout Squad
Construct Barracks
Riflemen Squad
Riflemen Squad
Riflemen Squad
Construct Medical Station
Engineer Squad
Grenade Package
Selects Airborne Battlegroup
Selects Heavy Machine Gun Paradrop
Infantry Support Center
Selects Paratrooper Squad Paradrop
Paratrooper Squad Paradrop
Advanced Logistics
M1918 Browning Automatic Rifles
Munitions Surplus
Selects Anti-tank Gun Team Paradrop
Selects Recon Loiter
Selects Supply Drop
Supply Drop
Recon Loiter
.30 cal Machine Gun
Construct Tank Depot
CAuMOH
Asuka top soska>З
Swan
Leiarde
0
0
Comments
sign in to comment!
No comments posted yet!